MEX
SALTILLO SARAPEROS @ MONTERREY SULTANES
04/13/2040
 
TOP OF THE 1ST
Saltillo Saraperos batting - Pitching for Monterrey Sultanes : RHP Esteban Mendoza
Pitching: RHP Esteban Mendoza
Batting: LHB Juan Calixto 0-0: Ball
1-0: Ball
2-0: Called Strike
2-1: Fly out, F5 (Popup, 56, EV 70.0 MPH)
Batting: SHB Quintin Bywaters 0-0: Foul Ball, location: 2F
0-1: Ball
1-1: Swinging Strike
1-2: Foul Ball, location: 2F
1-2: Ball
2-2: Strikes out looking
Batting: RHB Jorge Anaya 0-0: DOUBLE (Groundball, 5L, EV 105.0 MPH)
Batting: RHB Luis Pedraza 0-0: Swinging Strike
0-1: Ball
1-1: TRIPLE (Flyball, 8RXD, EV 97.5 MPH)
Jorge Anaya scores
Batting: LHB Juan Porras 0-0: Foul Ball, location: 2F
0-1: Foul Ball, location: 2F
0-2: Fly out, F6 (Line Drive, 6, EV 73.8 MPH)
Top of the 1st over - 1 run, 2 hits, 0 errors, 1 left on base; Saltillo 1 - Monterrey 0
BOTTOM OF THE 1ST
Monterrey Sultanes batting - Pitching for Saltillo Saraperos : RHP Benny Triplett
Pitching: RHP Benny Triplett
Batting: RHB Juan Rosas 0-0: Ball
1-0: Ball
2-0: Called Strike
2-1: Fly out, F9 (Flyball, 9, EV 90.6 MPH)
Batting: SHB Juan Vega 0-0: Ball
1-0: Ground out 4-3 (Groundball, 4, EV 100.6 MPH)
Batting: LHB Esteban Loera 0-0: Ball
1-0: Ground out 3-1 (Groundball, 3D, EV 93.8 MPH)
Bottom of the 1st over - 0 runs, 0 hits, 0 errors, 0 left on base; Saltillo 1 - Monterrey 0
TOP OF THE 2ND
Saltillo Saraperos batting - Pitching for Monterrey Sultanes : RHP Esteban Mendoza
Batting: RHB Gregorio Luna 0-0: Ball
1-0: Ball
2-0: Called Strike
2-1: Ball
3-1: Swinging Strike
3-2: Ground out 6-3 (Groundball, 6, EV 80.0 MPH)
Batting: RHB Juan Moreno 0-0: Foul Ball, location: 2F
0-1: Ball
1-1: Ball
2-1: Swinging Strike
2-2: Ball
3-2: Strikes out swinging
Batting: RHB Juan Cervantes 0-0: Called Strike
0-1: Ball
1-1: Foul Ball, location: 2F
1-2: Foul Ball, location: 2F
1-2: Ground out U3 (Groundball, 34S, EV 71.9 MPH)
Top of the 2nd over - 0 runs, 0 hits, 0 errors, 0 left on base; Saltillo 1 - Monterrey 0
BOTTOM OF THE 2ND
Monterrey Sultanes batting - Pitching for Saltillo Saraperos : RHP Benny Triplett
Batting: RHB Jorge Gamez 0-0: Ball
1-0: Ball
2-0: Ground out 5-3 (Groundball, 56S, EV 76.2 MPH)
Batting: LHB Humberto Rivera 0-0: Ball
1-0: Ball
2-0: Ball
3-0: Base on Balls
Batting: RHB Jorge Rivero 0-0: Foul Ball, location: 2F
0-1: Ball
1-1: Ball
2-1: Ball
3-1: Grounds into double play, 4-6-3 (Groundball, 4, EV 82.5 MPH)
Bottom of the 2nd over - 0 runs, 0 hits, 0 errors, 0 left on base; Saltillo 1 - Monterrey 0
TOP OF THE 3RD
Saltillo Saraperos batting - Pitching for Monterrey Sultanes : RHP Esteban Mendoza
Batting: RHB Juan Colunga 0-0: Ball
1-0: Ball
2-0: TRIPLE (Flyball, 89XD, EV 92.5 MPH)
Batting: LHB Juan Calixto 0-0: Foul Ball, location: 2F
0-1: Ball
1-1: Called Strike
1-2: Foul Ball, location: 2F
1-2: Foul Ball, location: 2F
1-2: Fly out, F8 (Flyball, 8RS, EV 88.8 MPH)
Batting: SHB Quintin Bywaters 0-0: Foul Ball, location: 2F
0-1: Swinging Strike
0-2: SINGLE (Groundball, 56D, EV 98.1 MPH)
Juan Colunga scores
Batting: RHB Jorge Anaya 0-0: Called Strike
0-1: Ball
1-1: Fielders Choice at 2nd, 4-6 (Groundball, 34D, EV 101.9 MPH)
Batting: RHB Luis Pedraza 0-0: Called Strike
0-1: Ball
1-1: Ball
2-1: Ball
3-1: Base on Balls
Jorge Anaya to second
Batting: LHB Juan Porras 0-0: Foul Ball, location: 2F
0-1: Swinging Strike
0-2: Strikes out swinging
Top of the 3rd over - 1 run, 2 hits, 0 errors, 2 left on base; Saltillo 2 - Monterrey 0
BOTTOM OF THE 3RD
Monterrey Sultanes batting - Pitching for Saltillo Saraperos : RHP Benny Triplett
Batting: LHB Jorge Torrez 0-0: Ball
1-0: Called Strike
1-1: SINGLE (Line Drive, 78M, EV 98.1 MPH)
Batting: RHB Juan Romero 0-0: Called Strike
0-1: Foul Ball, location: 2F
0-2: Foul Ball, location: 2F
0-2: Ball
1-2: SINGLE (Groundball, 4S, EV 68.1 MPH) (infield hit)
Jorge Torrez to second
Batting: RHB Jorge Ortega 0-0: Grounds into double play, 6-4-3 (Groundball, 56D, EV 85.0 MPH)
Jorge Torrez to third
Batting: RHB Juan Rosas 0-0: Ball
1-0: Called Strike
1-1: Ground out 4-3 (Groundball, 4, EV 110.0 MPH)
Bottom of the 3rd over - 0 runs, 2 hits, 0 errors, 1 left on base; Saltillo 2 - Monterrey 0
TOP OF THE 4TH
Saltillo Saraperos batting - Pitching for Monterrey Sultanes : RHP Esteban Mendoza
Batting: RHB Gregorio Luna 0-0: Swinging Strike
0-1: Foul Ball, location: 2F
0-2: Strikes out swinging
Batting: RHB Juan Moreno 0-0: Foul Ball, location: 2F
0-1: Ball
1-1: Ball
2-1: Fly out, F9 (Flyball, 9, EV 90.6 MPH)
Batting: RHB Juan Cervantes 0-0: Called Strike
0-1: Ball
1-1: Ground out 6-3 (Groundball, 6, EV 83.1 MPH)
Top of the 4th over - 0 runs, 0 hits, 0 errors, 0 left on base; Saltillo 2 - Monterrey 0
BOTTOM OF THE 4TH
Monterrey Sultanes batting - Pitching for Saltillo Saraperos : RHP Benny Triplett
Batting: SHB Juan Vega 0-0: Ball
1-0: Ball
2-0: SINGLE (Line Drive, 3D, EV 100.0 MPH)
Batting: LHB Esteban Loera 0-0: Ball
1-0: Ball
2-0: Ball
3-0: Called Strike
3-1: SINGLE (Groundball, 6MD, EV 95.0 MPH)
Juan Vega to second
Runner from 2nd tries for 3rd, SAFE, throw by CF made to third
Batting: RHB Jorge Gamez 0-0: Ball
1-0: SINGLE (Groundball, 56D, EV 96.9 MPH)
Juan Vega scores
Esteban Loera to second
Batting: LHB Humberto Rivera 0-0: Foul Ball, location: 2F
0-1: Ball
1-1: Fielders Choice at 2nd, 4-6 (Groundball, 4, EV 82.5 MPH)
Esteban Loera to third
Batting: RHB Jorge Rivero 0-0: Called Strike
0-1: Fly out, F5 (Popup, 5SF, EV 83.1 MPH)
Batting: LHB Jorge Torrez 0-0: Ball
1-0: Called Strike
1-1: Ball
2-1: Swinging Strike
2-2: Ground out 4-3 (Groundball, 4, EV 100.6 MPH)
Bottom of the 4th over - 1 run, 3 hits, 0 errors, 2 left on base; Saltillo 2 - Monterrey 1
TOP OF THE 5TH
Saltillo Saraperos batting - Pitching for Monterrey Sultanes : RHP Esteban Mendoza
Batting: RHB Juan Colunga 0-0: Ball
1-0: Called Strike
1-1: Ground out 6-3 (Groundball, 6, EV 81.2 MPH)
Batting: LHB Juan Calixto 0-0: Swinging Strike
0-1: Ground out 4-3 (Groundball, 4, EV 77.5 MPH)
Batting: SHB Quintin Bywaters 0-0: Ball
1-0: Called Strike
1-1: Ball
2-1: Ground out 5-3 (Groundball, 5, EV 90.6 MPH)
Top of the 5th over - 0 runs, 0 hits, 0 errors, 0 left on base; Saltillo 2 - Monterrey 1
BOTTOM OF THE 5TH
Monterrey Sultanes batting - Pitching for Saltillo Saraperos : RHP Benny Triplett
Batting: RHB Juan Romero 0-0: Ground out 4-3 (Groundball, 4, EV 105.0 MPH)
Batting: RHB Jorge Ortega 0-0: Foul Ball, location: 2F
0-1: Foul Ball, location: 2F
0-2: Foul Ball, location: 2F
0-2: Fly out, F8 (Flyball, 8RS, EV 88.8 MPH)
Batting: RHB Juan Rosas 0-0: Ground out 5-3 (Groundball, 56S, EV 81.2 MPH)
Bottom of the 5th over - 0 runs, 0 hits, 0 errors, 0 left on base; Saltillo 2 - Monterrey 1
TOP OF THE 6TH
Saltillo Saraperos batting - Pitching for Monterrey Sultanes : RHP Esteban Mendoza
Batting: RHB Jorge Anaya 0-0: Called Strike
0-1: Ball
1-1: Foul Ball, location: 2F
1-2: Fly out, F9 (Flyball, 9LS, EV 86.9 MPH)
Batting: RHB Luis Pedraza 0-0: Foul Ball, location: 2F
0-1: Ground out 4-3 (Groundball, 4, EV 86.2 MPH)
Batting: LHB Juan Porras 0-0: SINGLE (Groundball, 56D, EV 96.2 MPH)
Batting: RHB Gregorio Luna 0-0: Fly out, F7 (Line Drive, 7, EV 92.5 MPH)
Top of the 6th over - 0 runs, 1 hit, 0 errors, 1 left on base; Saltillo 2 - Monterrey 1
BOTTOM OF THE 6TH
Monterrey Sultanes batting - Pitching for Saltillo Saraperos : RHP Benny Triplett
Batting: SHB Juan Vega 0-0: Ground out 3-1 (Groundball, 3D, EV 93.8 MPH)
Batting: LHB Esteban Loera 0-0: Foul Ball, location: 2F
0-1: Foul Ball, location: 2F
0-2: Ball
1-2: Ball
2-2: Ball
3-2: Strikes out swinging
Batting: RHB Jorge Gamez 0-0: Foul Ball, location: 2F
0-1: Ball
1-1: DOUBLE (Flyball, 89D, EV 113.8 MPH)
Batting: LHB Humberto Rivera 0-0: Ball
1-0: Ball
2-0: Ball
3-0: Base on Balls
Batting: RHB Jorge Rivero 0-0: Called Strike
0-1: Foul Ball, location: 2F
0-2: Foul Ball, location: 2F
0-2: Ball
1-2: Ball
2-2: Foul Ball, location: 2F
2-2: Foul Ball, location: 2F
2-2: SINGLE (Groundball, 34D, EV 107.5 MPH)
Jorge Gamez to third
Humberto Rivera to second
Runner from 3rd tries for Home, SAFE, throw by RF to home
Batting: LHB Jorge Torrez 0-0: Ball
1-0: Swinging Strike
1-1: Ball
2-1: Ball
3-1: Ground out 4-3 (Groundball, 4, EV 80.6 MPH)
Bottom of the 6th over - 1 run, 2 hits, 0 errors, 2 left on base; Saltillo 2 - Monterrey 2
TOP OF THE 7TH
Saltillo Saraperos batting - Pitching for Monterrey Sultanes : RHP Esteban Mendoza
Batting: RHB Juan Moreno 0-0: Ball
1-0: Called Strike
1-1: Called Strike
1-2: Strikes out looking
Batting: RHB Juan Cervantes 0-0: Swinging Strike
0-1: Foul Ball, location: 2F
0-2: Foul Ball, location: 2F
0-2: Strikes out swinging
Batting: RHB Juan Colunga 0-0: Ball
1-0: Ball
2-0: Called Strike
2-1: Fly out, F8 (Line Drive, 8RM, EV 91.2 MPH)
Top of the 7th over - 0 runs, 0 hits, 0 errors, 0 left on base; Saltillo 2 - Monterrey 2
BOTTOM OF THE 7TH
Monterrey Sultanes batting - Pitching for Saltillo Saraperos : RHP Benny Triplett
Batting: RHB Juan Romero 0-0: Ball
1-0: Foul Ball, location: 2F
1-1: Called Strike
1-2: Ball
2-2: Foul Ball, location: 2F
2-2: Ground out 6-3 (Groundball, 6, EV 103.1 MPH)
Batting: RHB Jorge Ortega 0-0: Called Strike
0-1: Ball
1-1: Ball
2-1: Foul Ball, location: 2F
2-2: Strikes out swinging
Batting: RHB Juan Rosas 0-0: SINGLE (Line Drive, 8RS, EV 101.9 MPH)
Pitching: RHP Jorge Vargas
Batting: SHB Juan Vega 0-0: Fielders Choice at 2nd, 6-4 (Groundball, 6, EV 80.0 MPH)
Bottom of the 7th over - 0 runs, 1 hit, 0 errors, 1 left on base; Saltillo 2 - Monterrey 2
TOP OF THE 8TH
Saltillo Saraperos batting - Pitching for Monterrey Sultanes : RHP Esteban Mendoza
Batting: LHB Juan Calixto 0-0: Foul Ball, location: 2F
0-1: Ball
1-1: Ball
2-1: SINGLE (Groundball, 56D, EV 101.9 MPH)
Batting: SHB Quintin Bywaters 0-0: Bunted foul
0-1: Sac Bunt to 25 - play at first, batter OUT! 5-4
Juan Calixto to second
Pitching: RHP Jorge Ortega
Batting: RHB Jorge Anaya 0-0: Ball
1-0: Ball
2-0: Called Strike
2-1: Foul Ball, location: 2F
2-2: Ground out 6-3 (Groundball, 6M, EV 85.0 MPH)
Juan Calixto to third
Batting: RHB Luis Pedraza 0-0: Fly out, F8 (Flyball, 8RS, EV 80.6 MPH)
Top of the 8th over - 0 runs, 1 hit, 0 errors, 1 left on base; Saltillo 2 - Monterrey 2
BOTTOM OF THE 8TH
Monterrey Sultanes batting - Pitching for Saltillo Saraperos : RHP Jorge Vargas
Batting: LHB Esteban Loera 0-0: Foul Ball, location: 2F
0-1: Ball
1-1: Ground out 4-3 (Groundball, 4, EV 100.0 MPH)
Batting: RHB Jorge Gamez 0-0: Ball
1-0: Called Strike
1-1: Foul Ball, location: 2F
1-2: Foul Ball, location: 2F
1-2: Ball
2-2: SOLO HOME RUN (Flyball, 89XD, EV 96.9 MPH), Distance : 389 ft
Batting: LHB Humberto Rivera 0-0: Called Strike
0-1: Ball
1-1: Ground out 1-3 (Groundball, 13S, EV 63.8 MPH)
Batting: RHB Jorge Rivero 0-0: Ball
1-0: Ground out 6-3 (Groundball, 6, EV 88.1 MPH)
Bottom of the 8th over - 1 run, 1 hit, 0 errors, 0 left on base; Saltillo 2 - Monterrey 3
TOP OF THE 9TH
Saltillo Saraperos batting - Pitching for Monterrey Sultanes : RHP Jorge Ortega
Pitching: RHP Juan Rivas
Batting: LHB Juan Porras 0-0: Ball
1-0: Ground out 4-3 (Groundball, 4D, EV 101.9 MPH)
Batting: RHB Gregorio Luna 0-0: Ball
1-0: Foul Ball, location: 2F
1-1: Ball
2-1: Ball
3-1: Ground out 5-3 (Groundball, 5S, EV 93.1 MPH)
Batting: RHB Juan Moreno 0-0: Foul Ball, location: 2F
0-1: Ball
1-1: Ball
2-1: Ground out 4-3 (Groundball, 4M, EV 88.1 MPH)
Top of the 9th over - 0 runs, 0 hits, 0 errors, 0 left on base; Saltillo 2 - Monterrey 3
Saturday, June 11th , 2022 - OOTP Baseball 22.12 Build 89